 Dungeon Crawl Stone Soup version 0.25.1-2-g60ff931df9 (webtiles) character file.

Game seed: 3009617631761596909

60 funkygono the Conjurer (level 4, -3/30 HPs)
             Began as a Human Conjurer on Oct 28, 2020.
             Slain by a hobgoblin
             ... wielding a +0 club
             ... led by Robin
              (4 damage)
             ... on level 2 of the Dungeon.
             The game lasted 00:03:00 (1376 turns).

funkygono the Conjurer (Human Conjurer)             Turns: 1376, Time: 00:03:01

Health: -3/30      AC:  4    Str:  9    XL:     4   Next: 25%
Magic:  0/7        EV: 12    Int: 16    God:
Gold:   31         SH:  0    Dex: 13    Spells: 1/7 levels left

rFire    . . .     SeeInvis .   e - +0 club
rCold    . . .     Gourm    .   (no shield)
rNeg     . . .     Faith    .   a - +0 robe
rPois    .         Spirit   .   l - +0 helmet
rElec    .         Reflect  .   (no cloak)
rCorr    .         Harm     .   d - +0 pair of gloves
MR       .....                  (no boots)
Stlth    ++........             (no amulet)
HPRegen  0.10/turn              (no ring)
MPRegen  0.10/turn              (no ring)

@: no status effects
A: no striking features
a: no special abilities


You were on level 2 of the Dungeon.
You were not hungry.

You visited 1 branch of the dungeon, and saw 2 of its levels.

You collected 31 gold pieces.

Inventory:

Hand Weapons
 e - a +0 club (weapon)
Armour
 a - a +0 robe (worn)
 d - a +0 pair of gloves (worn)
 l - a +0 helmet (worn)
Potions
 f - a potion of haste {unknown}
 g - a potion of brilliance {unknown}
 h - a potion of flight {unknown}
 k - a potion of curing {unknown}
Comestibles
 b - 8 chunks of flesh
 c - 3 rations


   Skills:
 + Level 2.2 Dodging
 + Level 2.0 Stealth
 + Level 2.2 Spellcasting
 + Level 5.1 Conjurations


You had one spell level left.
You knew the following spells:

 Your Spells              Type           Power        Failure   Level  Hunger
a - Magic Dart            Conj           ###.         2%          1    #......
b - Searing Ray           Conj           ###...       3%          2    ###....
c - Dazzling Flash        Conj/Hex       ##....       22%         3    ###....

Your spell library contained the following spells:

 Spells                   Type           Power        Failure   Level  Hunger
 Fulminant Prism          Conj/Hex       ##........   56%         4    #####..
 Iskenderun's Mystic Bla  Conj/Tloc      ##......     56%         4    #####..


Dungeon Overview and Level Annotations

Branches:
Dungeon (2/15)

Altars:


Message History

Unknown command.
You barely miss the hobgoblin.
The hobgoblin is almost dead.
The hobgoblin hits you but does no damage.
You barely miss the hobgoblin.
The hobgoblin is almost dead.
The hobgoblin hits you with a +0 club.
* * * LOW HITPOINT WARNING * * *
You hit the hobgoblin but do no damage.
The hobgoblin is almost dead.
The hobgoblin barely misses you.
Okay, then.
Casting: Magic Dart (safe; 2% risk of failure)
Confirm with . or Enter, or press ? or * to list all spells.
You don't have enough magic to cast that spell.
Unknown command.
You hit the hobgoblin but do no damage.
The hobgoblin is almost dead.
The hobgoblin hits you with a +0 club.
You die...

#... #....... #..#
#.##.###
#.####..########.##....
#................######
#####..##########
#######).# .$...<...#
#######g## #@# #(# #.#
#..#######รท####.#
#.)............#
#########.###### #.#
#.# ..#


You could see a hobgoblin.

Vanquished Creatures
  Robin (D:2)
  An ooze (D:2)
  A dart slug (D:1)
  A leopard gecko (D:1)
  2 giant cockroaches
  7 hobgoblins
  4 kobolds (D:1)
  A quokka (D:2)
  5 bats (D:1)
  A frilled lizard (D:1)
  10 goblins
  4 rats (D:1)
38 creatures vanquished.

Notes
Turn   | Place    | Note
-------+----------+-------------------------------------------
     0 | D:1      | funkygono the Human Conjurer began the quest for the Orb.
     0 | D:1      | Reached XP level 1. HP: 13/13 MP: 3/3
   223 | D:1      | Reached XP level 2. HP: 19/19 MP: 3/5
   637 | D:1      | Reached XP level 3. HP: 24/24 MP: 0/6
   641 | D:1      | Learned a level 2 spell: Searing Ray
   645 | D:1      | Learned a level 3 spell: Dazzling Flash
  1334 | D:2      | Noticed Robin
  1339 | D:2      | Killed Robin
  1339 | D:2      | Reached skill level 5 in Conjurations
  1339 | D:2      | Reached XP level 4. HP: 29/30 MP: 2/7
  1374 | D:2      | HP: 1/30 [hobgoblin/+0 club[Robin] (2)]
  1376 | D:2      | Slain by a hobgoblin

Illustrated notes

Levels and vault maps discovered:
D:1:      scummos_arrival_hexagon, layout_loops_ring,
          chequers_serial_rivers_room_b
D:2:      layout_loops_ring, uniq_robin, uniq_crazy_yiuf_cottage

Skill      XL: |  1  2  3 |
---------------+----------+-----
Conjurations   | 5 |  5.1
Dodging        | |  2.2
Stealth        | |  2.0
Spellcasting   | |  2.2

Action                   |  1- 3 |  4- 6 || total
-------------------------+-------+-------++-------
Melee: Club              |    18 |    17 ||    35
 Cast: Magic Dart        |    61 |     5 ||    66
       Searing Ray       |     3 |       ||     3
  Use: Scroll            |     2 |       ||     2
  Eat: Chunk             |     2 |     1 ||     3
Armor: Robe              |     3 |     3 ||     6
Dodge: Dodged            |    16 |    11 ||    27
